 Dungeon Crawl Stone Soup version 0.28-a0-793-g31680bbd8b (webtiles) character file.

Game seed: 403661123769818792

110 funkygono the Firebug (level 4, 0/24 HPs)
             Began as a Gargoyle Fire Elementalist on Nov 3, 2021.
             Slain by an orc wizard (4 damage)
             ... on level 3 of the Dungeon.
             The game lasted 00:06:24 (2361 turns).

funkygono the Firebug (Gargoyle Fire Elementalist)  Turns: 2361, Time: 00:06:25

Health: 0/24       AC:  7    Str: 11    XL:     4   Next: 91%
Magic:  0/8        EV: 12    Int: 17    God:
Gold:   581        SH:  0    Dex: 10    Spells: 2/8 levels left

rFire   . . .      SeeInvis +   e - +0 whip (flame)
rCold   . . .      Faith    .   (no shield)
rNeg    + . .      Spirit   .   a - +0 robe
rPois   ∞          Reflect  .   (no helmet)
rElec   +          Harm     .   m - +1 cloak
rCorr   .          Rampage  .   (no gloves)
Will    .....                   (no boots)
Stlth   +.........              (no amulet)
HPRegen 0.08/turn               b - ring of see invisible
MPRegen 0.11/turn               (no ring)

@: confused, mighty, on berserk cooldown, slowed, very slow
A: sickness immunity, AC +3, negative energy resistance 1, electricity
resistance, torment resistance 1, petrification resistance
a: no special abilities


You were on level 3 of the Dungeon.
You visited 1 branch of the dungeon, and saw 3 of its levels.

You collected 581 gold pieces.

Inventory:

Hand Weapons
 e - a +0 whip of flaming (weapon)
 l - a +2 quarterstaff of chaos
Missiles
 h - 130 stones
Armour
 a - a +0 robe (worn)
 m - a +1 cloak (worn)
Jewellery
 b - a ring of see invisible (left hand)
 d - an amulet of guardian spirit
Potions
 g - a potion of curing {unknown}
 j - a potion of brilliance {unknown}


   Skills:
 + Level 1.6 Dodging
 - Level 2.1 Stealth
 * Level 2.8 Spellcasting
 * Level 2.2 Conjurations
 * Level 4.4 Fire Magic


You had 2 spell levels left.
You knew the following spells:

 Your Spells              Type           Power      Damage    Failure   Level
a - Foxfire               Conj/Fire      52%        2x1d6     4%          1
b - Scorch                Fire           34%        2d6       4%          2
c - Conjure Flame         Conj/Fire      13%        6-21      14%         3

Your spell library contained the following spells:

 Spells                   Type           Power      Damage    Failure   Level
 Slow                     Hex            8%         N/A       19%         1
 Ensorcelled Hibernation  Hex/Ice        4%         N/A       26%         2
 Inner Flame              Hex/Fire       9%         N/A       22%         3
 Flame Wave               Conj/Fire      13%        3d5       41%         4
 Confusing Touch          Hex            2%         N/A       47%         3
 Portal Projectile        Hex/Tloc       4%         N/A       47%         3
 Spider Form              Tmut/Pois      2%         N/A       47%         3
 Vampiric Draining        Necr           2%         2d6       47%         3
 Blade Hands              Tmut           1%         N/A       99%         5
 Excruciating Wounds      Necr           1%         N/A       99%         5


Dungeon Overview and Level Annotations

Branches:
Dungeon (3/15)

Altars:
Ashenzari
Nemelex Xobeh

Shops:
D:1 !   D:3 [


Innate Abilities, Weirdness & Mutations

You are immune to sickness and miasma.
Your stone body is resilient. (AC +3)
You are immune to poison.
You resist negative energy. (rN+)
You are resistant to electric shocks. (rElec)
You are resistant to unholy torment.
You are immune to petrification.


Message History

The orc wizard is heavily wounded.
The orc wizard hits you but does no damage. x2
You hit the orc wizard but do no damage.
The orc wizard is heavily wounded.
The orc wizard closely misses you.
The orc wizard hits you with a +0 dagger.
You hit the orc wizard but do no damage.
The orc wizard is heavily wounded.
The orc wizard hits you with a +0 dagger. x2
The orc wizard closely misses you.
Casting: Foxfire (safe; 4% risk of failure)
Confirm with . or Enter, or press ? or * to list all spells.
You conjure some foxfire!
The orc wizard gestures at you while chanting.
The puff of flame hits you!
* * * LOW HITPOINT WARNING * * *
The orc wizard hits you with a +0 dagger.
* * * LOW HITPOINT WARNING * * *
You feel very mighty all of a sudden.
The foxfire hits the orc wizard.
The orc wizard is lightly wounded.
The foxfire hits the orc wizard.
The orc wizard is heavily wounded.
The orc wizard hits you but does no damage.
The orc wizard gestures at you while chanting.
You are confused.
It was a potion of berserk rage.
A red film seems to cover your vision as you go berserk!
You feel yourself moving faster!
You feel mighty!
The orc wizard hits you but does no damage. x2
You feel a strong urge to attack something.
The orc wizard hits you but does no damage. x2
You're too confused to move!
The orc wizard hits you but does no damage.
You feel your anger nearly subside.
You are no longer berserk.
You are exhausted.
You feel yourself slow down.
The orc wizard hits you with a +0 dagger.
You die...

....... #........#.#.#....
..)...... ###'##.#.......###
######)........ #.##.#.#.#.#.###
...............###...............
.................#.##.####.##....
.........###+# #....#..#....#....
.........###.###....##.#.#.......
......)...##...o....##.#.#.......
.............#.o@.#......#.......
.###.........#........#.#........
.# #...##....#....#...#..........
.###...##....#....#...#..........
.##..........#....###.#......#.##
.##..........#.............#.#.#
###......#####....#####....#.#.##
#......# #....# #.#..#....#
#......# #....# #.#..#....#


You could see 2 orc wizards.

Vanquished Creatures
  Crazy Yiuf (D:2)
  An orc wizard (D:3)
  2 adders (D:2)
  2 worms (D:2)
  A dart slug (D:3)
  2 orcs (D:3)
  3 endoplasms
  2 giant cockroaches
  A goblin (D:2)
  4 hobgoblins
  2 jackals (D:1)
  4 quokkas
  4 ball pythons
  A bat (D:2)
  2 frilled lizards
  2 kobolds (D:1)
  5 rats
39 creatures vanquished.

Vanquished Creatures (others)
  142 foxfires
142 creatures vanquished.

Grand Total: 181 creatures vanquished

Notes
Turn   | Place    | Note
-------+----------+-------------------------------------------
     0 | D:1      | funkygono the Gargoyle Fire Elementalist began the quest
                  | for the Orb.
     0 | D:1      | Reached XP level 1. HP: 10/10 MP: 3/3
    19 | D:1      | Found Gess's Distillery.
   253 | D:1      | Reached XP level 2. HP: 10/15 MP: 0/5
   256 | D:1      | Learned a level 2 spell: Scorch
   681 | D:1      | Found a faded altar of an unknown god.
  1051 | D:2      | Found a broken altar of Ashenzari.
  1111 | D:2      | Reached XP level 3. HP: 19/19 MP: 2/6
  1115 | D:2      | Learned a level 3 spell: Conjure Flame
  1167 | D:2      | Found a runed translucent door.
  1168 | D:2      | Noticed Crazy Yiuf
  1640 | D:2      | Reached skill level 4 in Fire Magic
  1741 | D:2      | Killed Crazy Yiuf
  1742 | D:2      | Reached XP level 4. HP: 24/24 MP: 2/7
  1762 | D:2      | Identified a scroll of acquirement
  1762 | D:2      | Acquired 460 gold pieces
  1963 | D:3      | Found a sparkling altar of Nemelex Xobeh.
  2094 | D:3      | Found Wuhin's Armour Shoppe.
  2361 | D:3      | Slain by an orc wizard

Illustrated notes

Levels and vault maps discovered:
D:1:      eino_arrival_water_star, layout_basic, ebering_ecumenical_altar_box,
          serial_shops, nicolae_shop_stone
D:2:      layout_rooms, basic_altar, uniq_crazy_yiuf_cottage
D:3:      layout_basic, mainiacjoe_overflow_tiny_flanked,
          nicolae_wu_jian_immortal_techniques, serial_shops, shop_statue,
          glass_columns_b

Skill      XL: |  1  2  3 |
---------------+----------+-----
Fire Magic     | 4 |  4.4
Conjurations   | 2 |  2.2
Dodging        | |  1.6
Stealth        | |  2.1
Spellcasting   | |  2.8

Action                   |  1- 3 |  4- 6 || total
-------------------------+-------+-------++-------
Melee: Whip              |     1 |     5 ||     6
 Cast: Foxfire           |    53 |    33 ||    86
       Scorch            |     4 |       ||     4
  Use: Scroll            |       |     5 ||     5
       Potion            |       |     2 ||     2
Armor: Robe              |    14 |    10 ||    24
Dodge: Dodged            |    43 |     7 ||    50

Table legend: (Time is in decaauts)
 A = Elapsed time spent in this place.
 B = Non-inter-level travel time spent in this place.
 C = Inter-level travel time spent in this place.
 D = Time resting spent in this place.
 E = Time spent auto-exploring this place.
 F = Levels seen in this place.
 G = Mean time per level.
                   A        B        C        D        E       F      G
               +--------+--------+--------+--------+--------+-----+--------+
         Total |   2364 |   2310 |     54 |      0 |   1849 |   3 |  788.0 |
       Dungeon |   2364 |   2310 |     54 |      0 |   1849 |   3 |  788.0 |
               +--------+--------+--------+--------+--------+-----+--------+

Top non-repeatable levels by time:
     D:1: 987 daAuts
     D:2: 826 daAuts
     D:3: 549 daAuts
